 Dungeon Crawl Stone Soup version 0.18.1-48-g4cf74bf (webtiles) character file.

198 Melfield the Covert (level 5, -5/38 HPs)
             Began as a Vampire Assassin on Aug 12, 2016.
             Was an Initiate of Nemelex Xobeh.
             Slain by a gnoll
             ... wielding a +2 flail of protection
             ... created by the fury of Okawaru
              (7 damage)
             ... on level 4 of the Dungeon.
             The game lasted 00:10:22 (4461 turns).

Melfield the Covert (Vampire Assassin)              Turns: 4461, Time: 00:10:23

Health: -5/38      AC:  0    Str: 11    XL:     5   Next: 47%
Magic:  3/5        EV: 21    Int: 13    God:    Nemelex Xobeh [......]
Gold:   118        SH:  0    Dex: 21    Spells: 0 memorised, 4 levels left

rFire  . . .     SeeInvis +     (weapon currently unavailable)
rCold  . . .     Gourm    .     (armour currently unavailable)
rNeg   + . .     Faith    .     (shield currently unavailable)
rPois  .         Spirit   .     (helmet currently unavailable)
rElec  .         Dismiss  .     (cloak currently unavailable)
rCorr  .         Reflect  .     (gloves currently unavailable)
SustAt .         Harm     .     (boots currently unavailable)
MR     .....                    (no amulet)
Stlth  +++++.....               (ring currently unavailable)
                                (ring currently unavailable)

@: bat-form, flying, very quick, not resistant to hostile enchantments, quite
stealthy
A: fangs 3, see invisible, (unbreathing)
a: End Transformation, Renounce Religion


You were on level 4 of the Dungeon.
You worshipped Nemelex Xobeh.
Nemelex Xobeh was noncommittal.
You were not thirsty.
You were in vampire-bat-form.
You visited 1 branch of the dungeon, and saw 4 of its levels.

You collected 118 gold pieces.

Inventory:

Hand Weapons
 a - a +2 dagger (melded)
 b - a +0 blowgun
Missiles
 e - 14 poisoned needles
 f - 2 curare-tipped needles
Armour
 c - a +0 robe
 d - a +0 cloak (melded)
 p - a +0 scale mail (melded)
Scrolls
 i - a scroll of immolation {unknown}
 j - 5 scrolls of identify {unknown}
 l - 2 scrolls of remove curse {unknown}
 m - 2 scrolls of recharging {unknown}
 n - 2 scrolls of enchant weapon {unknown}
Potions
 g - 2 potions of ambrosia {unknown}
 h - a potion of invisibility {unknown}
 k - a potion of might {unknown}
 o - 4 potions of mutation {unknown}
 q - a potion of agility {unknown}


   Skills:
 + Level 2.1 Fighting
 + Level 2.8 Short Blades
 + Level 1.7 Throwing
 + Level 1.4 Armour
 + Level 2.9 Dodging
 + Level 8.1 Stealth


You had 4 spell levels left.
You didn't know any spells.

Dungeon Overview and Level Annotations

Branches:
Dungeon (4/15)
 Temple: D:4-7

Altars:
Dithmenos
Makhleb
Nemelex Xobeh
Okawaru
Vehumet


Innate Abilities, Weirdness & Mutations

You have razor-sharp teeth.
You have supernaturally acute eyesight.
((You can survive without breathing.))


Message History

You hit the orc warrior but do no damage.
You turn into a vampire bat.
Your +2 dagger melds into your body.
Your +0 cloak melds into your body.
Your +0 scale mail melds into your body.
The gnoll completely misses you. The gnoll misses you.
The orc warrior hits you with a broad axe!!
Ouch! That really hurt!
* * * LOW HITPOINT WARNING * * *
The gnoll sergeant hits you but does no damage.
The gnoll hits you with a whip.
* * * LOW HITPOINT WARNING * * *
The orc hits you with a dagger of holy wrath.
* * * LOW HITPOINT WARNING * * *
You convulse.
* * * LOW HITPOINT WARNING * * *
You hit the orc but do no damage. The gnoll sergeant misses you.
The gnoll barely misses you.
The gnoll hits you with a flail of protection!
You die...
Your body disappears without a glow.

##..........## .o....
#.............###.....
#..............##.....
##............#..#.....
#..(....>......#.......
#..............#.......
#.....o.g..............
..##...ggg..........†#
#####.##...gboo.......†..#
###...#..##...oo...........#
##.....#..###g..............####
##..)>..#..####..................
........##............⌠.⌠..##....
........##............._..###....
...........<######....⌠.⌠## #....
............## ####[..## #....
.....)..#....# ##### #....


You could see an orc warrior, a gnoll sergeant, an orc wizard, 5 gnolls and 3
orcs.

Vanquished Creatures
  A giant frog skeleton (D:4)
  Natasha (thrice) (D:4)
  3 adders
  An ooze (D:2)
  3 worms
  4 giant geckos
  6 orcs
  2 giant cockroaches (D:2)
  5 hobgoblins
  6 jackals
  2 quokkas
  A ball python (D:3)
  A bat (D:1)
  A giant newt (D:4)
  3 goblins (D:1)
  2 kobolds (D:1)
  2 rats (D:1)
46 creatures vanquished.

Notes
Turn   | Place    | Note
--------------------------------------------------------------
     0 | D:1      | Melfield the Vampire Assassin began the quest for the Orb.
     0 | D:1      | Reached XP level 1. HP: 16/16 MP: 1/1
    17 | D:1      | Reached skill level 6 in Stealth
   184 | D:1      | Reached XP level 2. HP: 18/22 MP: 2/2
  1063 | D:2      | Reached skill level 7 in Stealth
  1071 | D:2      | Reached XP level 3. HP: 26/27 MP: 3/3
  1489 | D:2      | Found a burning altar of Makhleb.
  1491 | D:2      | Noticed a blizzard demon
  1503 | D:2      | Noticed a neqoxec
  1503 | D:2      | Noticed a smoke demon
  2261 | D:3      | Found a radiant altar of Vehumet.
  2268 | D:3      | Became a worshipper of Vehumet
  2711 | D:4      | Reached XP level 4. HP: 25/33 MP: 4/4
  2734 | D:4      | Found a shadowy altar of Dithmenos.
  2743 | D:4      | Fell from the grace of Vehumet
  2743 | D:4      | Became a worshipper of Dithmenos the Shadowed
  2752 | D:4      | Found an iron altar of Okawaru.
  3019 | D:4      | Noticed Natasha
  3032 | D:4      | Killed Natasha
  3950 | D:4      | Reached XP level 5. HP: 35/38 MP: 5/5
  4145 | D:4      | Fell from the grace of Dithmenos
  4145 | D:4      | Became a worshipper of Warmaster Okawaru
  4163 | D:4      | Noticed Natasha
  4181 | D:4      | Killed Natasha
  4181 | D:4      | Reached skill level 1 in Armour
  4284 | D:4      | Found a sparkling altar of Nemelex Xobeh.
  4310 | D:4      | Noticed Natasha
  4326 | D:4      | Fell from the grace of Okawaru
  4326 | D:4      | Became a worshipper of Nemelex Xobeh the Trickster
  4354 | D:4      | Killed Natasha
  4354 | D:4      | Reached skill level 8 in Stealth
  4458 | D:4      | Noticed an orc warrior
  4461 | D:4      | Slain by a gnoll

Skill      XL: |  1  2  3  4  5 |
---------------+----------------+-----
Stealth        | 6 7 8 |  8.1
Fighting       | 2 |  2.1
Dodging        | 2 |  2.9
Armour         | 1 |  1.4
Short Blades   | |  2.8
Throwing       | |  1.7

Action                   |  1- 3 |  4- 6 || total
-------------------------+-------+-------++-------
Melee: Dagger            |   111 |    70 ||   181
       Bite              |     6 |     6 ||    12
       Unarmed           |       |     1 ||     1
 Abil: Bat Form          |       |     2 ||     2
       End Transformatio |       |     1 ||     1
 Stab: Sleeping          |    10 |     4 ||    14
  Eat: Corpse            |     5 |     3 ||     8
Armor: Robe              |    15 |       ||    15
       Scale mail        |    20 |    12 ||    32
Dodge: Dodged            |    41 |    26 ||    67
